[gd_scene load_steps=14 format=2]

[ext_resource path="res://obstacles/Obstacle.tscn" type="PackedScene" id=1]
[ext_resource path="res://obstacles/gopher/sprites/lefthand.png" type="Texture" id=2]
[ext_resource path="res://obstacles/gopher/sprites/hole.png" type="Texture" id=3]
[ext_resource path="res://obstacles/gopher/sprites/header.png" type="Texture" id=4]
[ext_resource path="res://obstacles/gopher/sprites/righthand.png" type="Texture" id=5]
[ext_resource path="res://obstacles/gopher/Gopher.gd" type="Script" id=6]
[ext_resource path="res://obstacles/gopher/sfx/gotcha.wav" type="AudioStream" id=7]

[sub_resource type="Animation" id=1]
resource_name = "gopher grab"
length = 3.5
tracks/0/type = "bezier"
tracks/0/path = NodePath("../Sprite:position:x")
tracks/0/interp = 1
tracks/0/loop_wrap = true
tracks/0/imported = false
tracks/0/enabled = true
tracks/0/keys = {
"points": PoolRealArray( -1.33001, -0.25, 0, 0.25, 0, -1.33001, -0.25, 0, 0.25, 0, -1.33001, -0.25, 0, 0.25, 0, -1.33001, -0.25, 0, 0.25, 0, -1.33001, -0.25, 0, 0.25, 0 ),
"times": PoolRealArray( 0, 0.4, 0.7, 3.4, 3.5 )
}
tracks/1/type = "bezier"
tracks/1/path = NodePath("../Sprite:position:y")
tracks/1/interp = 1
tracks/1/loop_wrap = true
tracks/1/imported = false
tracks/1/enabled = true
tracks/1/keys = {
"points": PoolRealArray( -4.59226, -0.25, 0, 0.25, 0, -4.59226, -0.25, 0, 0.25, 0, -4.59226, -0.25, 0, 0.25, 0, -4.59226, -0.25, 0, 0.25, 0, -4.59226, -0.25, 0, 0.25, 0 ),
"times": PoolRealArray( 0, 0.4, 0.7, 3.4, 3.5 )
}
tracks/2/type = "bezier"
tracks/2/path = NodePath(".:position:x")
tracks/2/interp = 1
tracks/2/loop_wrap = true
tracks/2/imported = false
tracks/2/enabled = true
tracks/2/keys = {
"points": PoolRealArray( 0, -0.25, 0, 0.25, 0, -29.611, -0.25, 0, 0.25, 0, -21.594, -0.25, 0, 0.25, 0, -29.257, -0.25, 0, 0.25, 0, -29.257, -0.25, 0, 0.25, 0, 0, -0.25, 0, 0.25, 0 ),
"times": PoolRealArray( 0, 0.4, 0.7, 1, 3, 3.5 )
}
tracks/3/type = "bezier"
tracks/3/path = NodePath(".:position:y")
tracks/3/interp = 1
tracks/3/loop_wrap = true
tracks/3/imported = false
tracks/3/enabled = true
tracks/3/keys = {
"points": PoolRealArray( -32, -0.25, 0, 0.25, 0, -46.295, -0.25, 0, 0.25, 0, -46.295, -0.25, 0, 0.25, 0, -27.84, -0.25, 0, 0.25, 0, -27.84, -0.25, 0, 0.25, 0, -32, -0.25, 0, 0.25, 0 ),
"times": PoolRealArray( 0, 0.4, 0.7, 1, 3, 3.5 )
}
tracks/4/type = "bezier"
tracks/4/path = NodePath(".:rotation_degrees")
tracks/4/interp = 1
tracks/4/loop_wrap = true
tracks/4/imported = false
tracks/4/enabled = true
tracks/4/keys = {
"points": PoolRealArray( 0, -0.25, 0, 0.25, 0, -60.8, -0.25, 0, 0.25, 0, 0, -0.25, 0, 0.25, 0 ),
"times": PoolRealArray( 0, 0.4, 3.5 )
}
tracks/5/type = "bezier"
tracks/5/path = NodePath("../Sprite:scale:x")
tracks/5/interp = 1
tracks/5/loop_wrap = true
tracks/5/imported = false
tracks/5/enabled = true
tracks/5/keys = {
"points": PoolRealArray( 1, -0.25, 0, 0.25, 0, 1, -0.25, 0, 0.25, 0, 1, -0.25, 0, 0.25, 0, 1, -0.25, 0, 0.25, 0, 1, -0.25, 0, 0.25, 0, 1, -0.25, 0, 0.25, 0, 1, -0.25, 0, 0.25, 0, 1, -0.25, 0, 0.25, 0 ),
"times": PoolRealArray( 0, 0.4, 0.7, 1, 3, 3.1, 3.4, 3.5 )
}
tracks/6/type = "bezier"
tracks/6/path = NodePath("../Sprite:scale:y")
tracks/6/interp = 1
tracks/6/loop_wrap = true
tracks/6/imported = false
tracks/6/enabled = true
tracks/6/keys = {
"points": PoolRealArray( 1, -0.25, 0, 0.25, 0, 1, -0.25, 0, 0.25, 0, 1, -0.25, 0, 0.25, 0, 0.119, -0.25, 0, 0.25, 0, 0.119, -0.25, 0, 0.25, 0, 0.119, -0.25, 0, 0.25, 0, 1, -0.25, 0, 0.25, 0, 1, -0.25, 0, 0.25, 0 ),
"times": PoolRealArray( 0, 0.4, 0.7, 1, 3, 3.1, 3.4, 3.5 )
}
tracks/7/type = "bezier"
tracks/7/path = NodePath("../RightHand:position:x")
tracks/7/interp = 1
tracks/7/loop_wrap = true
tracks/7/imported = false
tracks/7/enabled = true
tracks/7/keys = {
"points": PoolRealArray( 0, -0.25, 0, 0.25, 0, 29.747, -0.25, 0, 0.25, 0, 21.184, -0.25, 0, 0.25, 0, 28.715, -0.25, 0, 0.25, 0, 28.715, -0.25, 0, 0.25, 0, 0, -0.25, 0, 0.25, 0 ),
"times": PoolRealArray( 0, 0.4, 0.7, 1, 3, 3.5 )
}
tracks/8/type = "bezier"
tracks/8/path = NodePath("../RightHand:position:y")
tracks/8/interp = 1
tracks/8/loop_wrap = true
tracks/8/imported = false
tracks/8/enabled = true
tracks/8/keys = {
"points": PoolRealArray( -32, -0.25, 0, 0.25, 0, -46.295, -0.25, 0, 0.25, 0, -46.295, -0.25, 0, 0.25, 0, -22.199, -0.25, 0, 0.25, 0, -22.199, -0.25, 0, 0.25, 0, -32, -0.25, 0, 0.25, 0 ),
"times": PoolRealArray( 0, 0.4, 0.7, 1, 3, 3.5 )
}
tracks/9/type = "bezier"
tracks/9/path = NodePath("../RightHand:rotation_degrees")
tracks/9/interp = 1
tracks/9/loop_wrap = true
tracks/9/imported = false
tracks/9/enabled = true
tracks/9/keys = {
"points": PoolRealArray( 0, -0.25, 0, 0.25, 0, 63.8, -0.25, 0, 0.25, 0, 0, -0.25, 0, 0.25, 0 ),
"times": PoolRealArray( 0, 0.4, 3.5 )
}
tracks/10/type = "bezier"
tracks/10/path = NodePath("../RightHand:scale:x")
tracks/10/interp = 1
tracks/10/loop_wrap = true
tracks/10/imported = false
tracks/10/enabled = true
tracks/10/keys = {
"points": PoolRealArray( 1, -0.25, 0, 0.25, 0, 1, -0.25, 0, 0.25, 0, 1, -0.25, 0, 0.25, 0, 0.213, -0.25, 0, 0.25, 0, 0.213, -0.25, 0, 0.25, 0, 1, -0.25, 0, 0.25, 0 ),
"times": PoolRealArray( 0, 0.4, 0.7, 1, 3, 3.5 )
}
tracks/11/type = "bezier"
tracks/11/path = NodePath("../RightHand:scale:y")
tracks/11/interp = 1
tracks/11/loop_wrap = true
tracks/11/imported = false
tracks/11/enabled = true
tracks/11/keys = {
"points": PoolRealArray( 1, -0.25, 0, 0.25, 0, 1, -0.25, 0, 0.25, 0, 1, -0.25, 0, 0.25, 0, 1, -0.25, 0, 0.25, 0, 1, -0.25, 0, 0.25, 0, 1, -0.25, 0, 0.25, 0 ),
"times": PoolRealArray( 0, 0.4, 0.7, 1, 3, 3.5 )
}
tracks/12/type = "bezier"
tracks/12/path = NodePath(".:scale:x")
tracks/12/interp = 1
tracks/12/loop_wrap = true
tracks/12/imported = false
tracks/12/enabled = true
tracks/12/keys = {
"points": PoolRealArray( 1, -0.25, 0, 0.25, 0, 1, -0.25, 0, 0.25, 0, 1, -0.25, 0, 0.25, 0, 0.393, -0.25, 0, 0.25, 0, 0.393, -0.25, 0, 0.25, 0, 1, -0.25, 0, 0.25, 0 ),
"times": PoolRealArray( 0, 0.4, 0.7, 1, 3, 3.5 )
}
tracks/13/type = "bezier"
tracks/13/path = NodePath(".:scale:y")
tracks/13/interp = 1
tracks/13/loop_wrap = true
tracks/13/imported = false
tracks/13/enabled = true
tracks/13/keys = {
"points": PoolRealArray( 1, -0.25, 0, 0.25, 0, 1, -0.25, 0, 0.25, 0, 1, -0.25, 0, 0.25, 0, 1, -0.25, 0, 0.25, 0, 1, -0.25, 0, 0.25, 0, 1, -0.25, 0, 0.25, 0 ),
"times": PoolRealArray( 0, 0.4, 0.7, 1, 3, 3.5 )
}
tracks/14/type = "value"
tracks/14/path = NodePath(".:visible")
tracks/14/interp = 1
tracks/14/loop_wrap = true
tracks/14/imported = false
tracks/14/enabled = true
tracks/14/keys = {
"times": PoolRealArray( 0, 0.4, 0.7, 1, 1.01999, 3, 3.5 ),
"transitions": PoolRealArray( 1, 1, 1, 1, 1, 1, 1 ),
"update": 1,
"values": [ true, true, true, true, false, false, true ]
}
tracks/15/type = "value"
tracks/15/path = NodePath("../RightHand:visible")
tracks/15/interp = 1
tracks/15/loop_wrap = true
tracks/15/imported = false
tracks/15/enabled = true
tracks/15/keys = {
"times": PoolRealArray( 0, 0.4, 0.7, 1, 1.01999, 3, 3.5 ),
"transitions": PoolRealArray( 1, 1, 1, 1, 1, 1, 1 ),
"update": 1,
"values": [ true, true, true, true, false, false, true ]
}
tracks/16/type = "value"
tracks/16/path = NodePath("../Sprite:visible")
tracks/16/interp = 1
tracks/16/loop_wrap = true
tracks/16/imported = false
tracks/16/enabled = true
tracks/16/keys = {
"times": PoolRealArray( 0, 0.4, 0.7, 1, 1.01999, 3, 3.1, 3.4, 3.5 ),
"transitions": PoolRealArray( 1, 1, 1, 1, 1, 1, 1, 1, 1 ),
"update": 1,
"values": [ true, true, true, true, false, false, true, true, true ]
}

[sub_resource type="Animation" id=2]
resource_name = "gopher idle"
loop = true
tracks/0/type = "bezier"
tracks/0/path = NodePath("../Sprite:position:x")
tracks/0/interp = 1
tracks/0/loop_wrap = true
tracks/0/imported = false
tracks/0/enabled = true
tracks/0/keys = {
"points": PoolRealArray( -1.33001, -0.25, 0, 0.25, 0 ),
"times": PoolRealArray( 0 )
}
tracks/1/type = "bezier"
tracks/1/path = NodePath("../Sprite:position:y")
tracks/1/interp = 1
tracks/1/loop_wrap = true
tracks/1/imported = false
tracks/1/enabled = true
tracks/1/keys = {
"points": PoolRealArray( -4.59226, -0.25, 0, 0.25, 0 ),
"times": PoolRealArray( 0 )
}
tracks/2/type = "bezier"
tracks/2/path = NodePath("../Sprite:scale:x")
tracks/2/interp = 1
tracks/2/loop_wrap = true
tracks/2/imported = false
tracks/2/enabled = true
tracks/2/keys = {
"points": PoolRealArray( 1, -0.25, 0, 0.25, 0, 1, -0.25, 0, 0.25, 0, 1, -0.25, 0, 0.25, 0 ),
"times": PoolRealArray( 0, 0.5, 1 )
}
tracks/3/type = "bezier"
tracks/3/path = NodePath("../Sprite:scale:y")
tracks/3/interp = 1
tracks/3/loop_wrap = true
tracks/3/imported = false
tracks/3/enabled = true
tracks/3/keys = {
"points": PoolRealArray( 1, -0.25, 0, 0.25, 0, 0.9, -0.25, 0, 0.25, 0, 1, -0.25, 0, 0.25, 0 ),
"times": PoolRealArray( 0, 0.5, 1 )
}

[sub_resource type="RectangleShape2D" id=3]
extents = Vector2( 3.29861, 10 )

[sub_resource type="RectangleShape2D" id=4]
extents = Vector2( 3.299, 10 )

[sub_resource type="RectangleShape2D" id=5]

[sub_resource type="RectangleShape2D" id=6]

[node name="Gopher" instance=ExtResource( 1 )]
script = ExtResource( 6 )
always_face = false

[node name="Offset" type="Node2D" parent="." index="0"]
position = Vector2( 0, 40 )

[node name="Hole" type="Sprite" parent="Offset" index="0"]
position = Vector2( 0, -32 )
texture = ExtResource( 3 )

[node name="Sprite" type="Sprite" parent="Offset" index="1"]
position = Vector2( -1.33001, -4.59226 )
texture = ExtResource( 4 )
offset = Vector2( 1.33001, -27.4077 )

[node name="LeftHand" type="Sprite" parent="Offset" index="2"]
position = Vector2( 0, -32 )
z_index = 2
texture = ExtResource( 2 )

[node name="AnimationPlayer" type="AnimationPlayer" parent="Offset/LeftHand" index="0"]
autoplay = "gopher idle"
"anims/gopher grab" = SubResource( 1 )
"anims/gopher idle" = SubResource( 2 )

[node name="RightHand" type="Sprite" parent="Offset" index="3"]
position = Vector2( 0, -32 )
z_index = 2
texture = ExtResource( 5 )

[node name="Sprite" parent="." index="1"]
visible = false

[node name="GrabZone" type="Area2D" parent="." index="2"]
collision_layer = 0

[node name="CollisionShape2D" type="CollisionShape2D" parent="GrabZone" index="0"]
position = Vector2( 15.8489, 29.0563 )
shape = SubResource( 3 )

[node name="CollisionShape2D_L" type="CollisionShape2D" parent="GrabZone" index="1"]
position = Vector2( -15.849, 29.056 )
shape = SubResource( 4 )

[node name="CollisionShape2D" parent="KillZone" index="0"]
position = Vector2( -69.8105, 27.5469 )
shape = SubResource( 5 )

[node name="CollisionShape2D_R" type="CollisionShape2D" parent="KillZone" index="1"]
position = Vector2( 69.81, 27.547 )
shape = SubResource( 6 )

[node name="gotcha" type="AudioStreamPlayer" parent="KillPlayer" index="0"]
stream = ExtResource( 7 )
